AoeStats
← fichart

Fortress

509726265Analyzed
3v3 RM · 3d ago on Sep 27, 2026· 42m 49s· 6 players
Game mode
Random Map
Map size
Large (8 player)
Population
200
Speed
Normal
Resources
Standard
Victory
Conquest
Starting age
Dark Age
Ending age
Imperial Age
RankedLock teamsTeams togetherTeam positionsShared explorationLock speedFull tech treeHidden civsTurbo modeCheats
Victory
Defeat
🇪🇸 Varangians · Spain
781
+15
🇵🇪 Burgundians · Peru
747
+17
🇩🇪 Shu · Germany
711
+19
🇷🇺 Cumans · Russia
770
-17
🇰🇿 Britons · Kazakhstan
770
-17
🇷🇺 Shu · Russia
758
-17
S3r!ousLE3
6:44 Feudal Age
7:16 Double-Bit Axe
7:14 Horse Collar
7:29 Loom
13:36 Castle Age
13:51 Town Watch
15:56 Bow Saw
15:49 Heavy Plow
19:01 Fletching
20:41 Bodkin Arrow
22:18 Husbandry
22:58 Elite Skirmisher
30:42 Imperial Age
29:08 Wheelbarrow
29:09 Stone Mining
29:10 Gold Mining
29:45 Crossbowman
30:30 Thumb Ring
30:30 Padded Archer Armor
30:33 Scale Mail Armor
31:03 Hand Cart
30:49 Town Patrol
30:44 Arbalester
31:40 Bracer
32:46 Chemistry
32:27 Conscription
32:41 Siege Engineers
33:24 Bolt Magazine
33:46 Leather Archer Armor
33:44 Forging
35:58 Ring Archer Armor
35:56 Ballistics
Harvey_Specter
8:43 Feudal Age
10:42 Double-Bit Axe
13:26 Castle Age
12:51 Horse Collar
15:37 Heavy Plow
16:09 Bow Saw
16:48 Gold Mining
25:11 Imperial Age
25:55 Ballistics
25:32 Stone Mining
25:57 Scale Barding Armor
26:03 Forging
26:50 Wheelbarrow
26:45 Conscription
27:06 Chain Barding Armor
27:50 Chemistry
28:37 Two-Man Saw
28:24 Cavalier
29:05 Husbandry
29:16 Bloodlines
30:12 Crop Rotation
30:48 Elite Jarl
31:30 Vendel Legacy
32:49 Siege Engineers
38:39 Caravan
40:11 Plate Barding Armor
40:12 Iron Casting
tonyc9096
8:20 Feudal Age
6:38 Double-Bit Axe
6:36 Horse Collar
11:37 Bow Saw
12:10 Heavy Plow
12:13 Town Watch
14:56 Castle Age
14:28 Gold Mining
16:42 Husbandry
18:25 Loom
22:56 Crop Rotation
25:09 Wheelbarrow
24:37 Town Patrol
25:55 Two-Man Saw
27:08 Stone Mining
30:03 Imperial Age
27:55 Scale Barding Armor
28:54 Stone Shaft Mining
29:10 Masonry
30:41 Chain Barding Armor
30:32 Forging
31:08 Conscription
31:00 Burgundian Vineyards
32:35 Chemistry
32:15 Plate Barding Armor
32:44 Hand Cart
33:12 Elite Coustillier
34:48 Iron Casting
36:30 Herbal Medicine
37:39 Pikeman
38:19 Squires
40:37 Blast Furnace
38:59 Halberdier
frablai
0:47 Loom
6:54 Feudal Age
8:21 Wheelbarrow
7:36 Double-Bit Axe
7:33 Horse Collar
14:52 Castle Age
13:50 Gold Mining
18:34 Hand Cart
19:24 Bow Saw
21:53 Heavy Plow
28:23 Imperial Age
27:04 Fletching
27:15 Padded Archer Armor
26:57 Crossbowman
28:03 Stone Mining
28:37 Elite Skirmisher
28:40 Arbalester
29:44 Ballistics
29:45 Leather Archer Armor
33:22 Chemistry
33:30 Two-Man Saw
38:51 Pikeman
drXsen
0:55 Loom
9:35 Feudal Age
16:39 Castle Age
16:28 Scale Barding Armor
16:34 Forging
16:28 Town Watch
17:22 Wheelbarrow
22:06 Caravan
22:33 Double-Bit Axe
24:38 Bloodlines
23:48 Light Cavalry
29:08 Town Patrol
29:24 Hand Cart
30:16 Steppe Husbandry
34:44 Imperial Age
35:04 Chain Barding Armor
35:20 Iron Casting
36:37 Plate Barding Armor
36:03 Scale Mail Armor
38:36 Hussar
41:34 Blast Furnace
fichart
0:42 Loom
9:34 Feudal Age
10:08 Town Watch
10:11 Double-Bit Axe
10:08 Horse Collar
15:35 Castle Age
15:14 Wheelbarrow
15:24 Stone Mining
15:26 Gold Mining
16:25 Fletching
16:37 Padded Archer Armor
18:31 Hand Cart
20:15 Heavy Plow
23:00 Bow Saw
28:51 Imperial Age
29:00 Crossbowman
29:46 Thumb Ring
29:05 Pikeman
29:31 Gambesons
29:47 Squires
29:48 Bodkin Arrow
30:08 Leather Archer Armor
30:05 Forging
29:56 Scale Mail Armor
30:01 Murder Holes
30:28 Ballistics
30:15 Arbalester
30:17 Elite Skirmisher
31:02 Bracer
31:47 Conscription
32:44 Ring Archer Armor
33:35 Chain Mail Armor
33:26 Scale Barding Armor
33:52 Fortified Wall
33:36 Light Cavalry
34:17 Husbandry
34:50 Coiled Serpent Array
39:42 Heavy Hei Guang Cavalry
Connection lost

Rejoining the realm…

Still unreachable

The connection could not be restored.

Session expired

The server has moved on; the page needs a fresh start.